 Dungeon Crawl Stone Soup version 0.25-a0-185-g6cfeca75b2 (webtiles) character file.

Game seed: 14202289814503599365, levelgen mode: deterministic

125 Leeroy the Conjurer (level 4, 0/49 HPs)
             Began as a Draconian Conjurer on Nov 27, 2019.
             Slain by an adder (3 damage)
             ... on level 2 of the Dungeon.
             The game lasted 00:03:26 (2762 turns).

Leeroy the Conjurer (Draconian Conjurer)            Turns: 2762, Time: 00:03:27

Health: 0/49       AC: 22    Str: 10    XL:     4   Next: 82%
Magic:  4/7        EV:  2    Int: 16    God:
Gold:   57         SH:  0    Dex: 12    Spells: 4/7 levels left

rFire    . . .     SeeInvis .   h - +0 dagger
rCold    . . .     Gourm    .   (no shield)
rNeg     + + +     Faith    .   (armour unavailable)
rPois    +         Spirit   .   (helmet currently unavailable)
rElec    .         Reflect  .   (cloak currently unavailable)
rCorr    .         Harm     .   (gloves currently unavailable)
MR       .....     NoTele   +   (boots currently unavailable)
Stlth    ++........             (no amulet)
HPRegen  0.16/turn              (no ring)
MPRegen  0.10/turn              (no ring)

@: tree-form
A: unfitting armour, AC +5
a: no special abilities


You were on level 2 of the Dungeon.
You were not hungry.
You were a tree.
You visited 1 branch of the dungeon, and saw 2 of its levels.

You collected 57 gold pieces.

Inventory:

Hand Weapons
 h - a +0 dagger (weapon)
Missiles
 a - 16 poisoned darts (quivered)
 c - 68 stones
 p - 5 boomerangs
Armour
 n - a +0 pair of gloves (melded)
Jewellery
 i - an uncursed amulet of guardian spirit {unknown}
 k - a cursed ring of attention {unknown}
 l - an uncursed amulet of faith {unknown}
Scrolls
 d - a scroll of identify {unknown}
 g - 4 scrolls of remove curse {unknown}
 m - a scroll of noise {unknown}
 r - a scroll of enchant armour {unknown}
Potions
 f - a potion of magic {unknown}
 j - a potion of degeneration {unknown}
 q - a potion of brilliance {unknown}
Comestibles
 b - 4 rations
 o - a chunk of flesh


   Skills:
 - Level 1.7 Dodging
 - Level 1.7 Stealth
 - Level 2.0 Spellcasting
 + Level 6.2 Conjurations


You had 4 spell levels left.
You knew the following spells:

 Your Spells              Type           Power        Failure   Level  Hunger
a - Magic Dart            Conj           ###.         1%          1    #......
b - Searing Ray           Conj           ###...       2%          2    ###....

Your spell library contained the following spells:

 Spells                   Type           Power        Failure   Level  Hunger
 Iskenderun's Mystic Bla  Conj           ###.....     16%         4    #####..
 Dazzling Spray           Conj/Hex       ##....       17%         3    ###....
 Force Lance              Conj/Tloc      ##......     50%         4    #####..
 Fulminant Prism          Conj/Hex       ##........   50%         4    #####..


Dungeon Overview and Level Annotations

Branches:
Dungeon (2/15)

Altars:
Vehumet


Innate Abilities, Weirdness & Mutations

((Your plain brown scales are hard. (AC +5)))
You cannot fit into any form of body armour.
((You are cold-blooded and may be slowed by cold attacks.))


Message History

You hit the adder but do no damage.
The adder bites you but does no damage. x4
Unknown command.
You hit the adder but do no damage.
The adder is heavily wounded.
The adder bites you but does no damage. x4
You closely miss the adder.
The adder is heavily wounded.
The adder bites you but does no damage. x4
You miss the adder.
The adder is heavily wounded.
You feel yourself speed up. The adder completely misses you.
The adder barely misses you. The adder completely misses you.
The adder bites you but does no damage.
You miss the adder.
The adder is heavily wounded.
The adder bites you but does no damage. x2
You barely miss the adder.
The adder is heavily wounded.
The adder bites you.
You die...

#.# #.... #.#
. #..... #.#
.. ##.... #.#
##+####S##
#.... #.#
##.........
...... #.#
#..........
....... #.#
#......h...
..##### #.#
#.#S####'# #.#
#.#♣S# #.#
#.#..# ######
#[#####.####
#.....
#.......#
#.....
#########
#..... ###
####..... #.#
#........ #.#
##.#.....
###.##
#######.#.....


You could see 2 adders.

Vanquished Creatures
  Natasha (thrice) (D:2)
  An adder (D:2)
  2 worms (D:2)
  A dart slug (D:2)
  A bat (D:1)
  3 giant cockroaches (D:2)
  4 goblins
  6 hobgoblins
  2 frilled lizards
  4 kobolds
  9 rats
36 creatures vanquished.

Notes
Turn   | Place    | Note
-------+----------+-------------------------------------------
     0 | D:1      | Leeroy the Draconian Conjurer began the quest for the Orb.
     0 | D:1      | Reached XP level 1. HP: 14/14 MP: 3/3
   564 | D:1      | Reached XP level 2. HP: 9/20 MP: 3/5
   574 | D:1      | Learned a level 2 spell: Searing Ray
  1211 | D:2      | Found a radiant altar of Vehumet.
  1663 | D:2      | Reached skill level 5 in Conjurations
  1663 | D:2      | Reached XP level 3. HP: 3/26 MP: 1/6
  2296 | D:2      | Noticed Natasha
  2303 | D:2      | Killed Natasha
  2628 | D:2      | Noticed Natasha
  2639 | D:2      | Killed Natasha
  2639 | D:2      | Reached XP level 4. HP: 16/33 MP: 2/7
  2726 | D:2      | Noticed Natasha
  2727 | D:2      | Reached skill level 6 in Conjurations
  2746 | D:2      | Killed Natasha
  2754 | D:2      | HP: 1/33 [adder (4)]
  2762 | D:2      | Slain by an adder

Levels and vault maps discovered:
D:1:      minmay_arrival_arboretum_small, layout_loops_ring, serial_bayou,
          serial_bayou_shore_b, serial_bayou_pond_c, serial_bayou_pond_d,
          serial_bayou_ford_a
D:2:      layout_basic, vehumet_crystals, minmay_snake_closets, uniq_natasha

Skill      XL: |  1  2  3  4 |
---------------+-------------+-----
Conjurations   | 5 6 |  6.2
Dodging        | |  1.7
Stealth        | |  1.7
Spellcasting   | |  2.0

Action                   |  1- 3 |  4- 6 || total
-------------------------+-------+-------++-------
Melee: Dagger            |   125 |    32 ||   157
       Unarmed           |    13 |       ||    13
       Tailslap          |    15 |     1 ||    16
 Cast: Magic Dart        |     2 |       ||     2
       Searing Ray       |     4 |     2 ||     6
  Use: Potion            |       |     2 ||     2
 Stab: Sleeping          |     8 |       ||     8
  Eat: Chunk             |     6 |       ||     6
Armor: Skin              |    39 |    61 ||   100
Dodge: Dodged            |    69 |    25 ||    94

Table legend:
 A = Non-vault XP
 B = Vault XP
 C = Vault XP percentage of total XP
 D = Non-vault monster count
 E = Vault monster count
 F = Vault count percentage of total count
                 A         B        C        D         E       F
            +---------+---------+-------+---------+---------+-------
      Total |     130 |      49 |  27.4 |      34 |       2 |   5.6
            +---------+---------+-------+---------+---------+-------
        D:1 |      14 |       0 |   0.0 |       9 |       0 |   0.0
        D:2 |     116 |      49 |  29.7 |      25 |       2 |   7.4
            +---------+---------+-------+---------+---------+-------
